 Dungeon Crawl Stone Soup version 0.32-a0-485-g70f7560b1c (webtiles) character file.

Game seed: 1359036042545393907

265182 mycrawlcharacter the Axe Maniac (level 19, -7/203 (207) HPs)
             Began as a Minotaur Berserker on Feb 25, 2024.
             Was the Champion of Trog.
             Killed from afar by a deep elf zephyrmancer (22 damage)
             ... with a bolt of lightning
             ... on level 2 of the Elven Halls on Feb 26, 2024.
             The game lasted 01:49:07 (43614 turns).

mycrawlcharacter the Axe Maniac (MiBe)             Turns: 43614, Time: 01:49:08

HP:   -7/203 (207)  AC: 34    Str: 30    XL:     19   Next: 29%
MP:   18/18         EV:  9    Int:  4    God:    Trog [******]
Gold: 988           SH:  5    Dex: 10    Spells: 18/18 levels left

rFire   . . .        a - +2 battleaxe (heavy)
rCold   . . .        (shield currently unavailable)
rNeg    . . .        i - +3 plate armour
rPois   +            E - +0 mask of the Dragon {Will+ Slay+3 SInv}
rElec   .            o - +2 cloak {Will+}
rCorr   .            s - +1 pair of gloves
SInv    +            j - +2 pair of boots {rampage}
Will    ++++.        W - amulet of Fallacy {Reflect rPois Slay+3 SH+5} Stlth
                     k - ring of willpower
HPRegen 0.53/turn    Z - +4 ring of protection
MPRegen 0.16/turn

%: reflection, rampage
@: lethally poisoned (-7 -> -8), about to teleport, lightly drained
A: horns 2, retaliatory headbutt
}: 2/15 runes: decaying, serpentine
a: Renounce Religion, Berserk, Trog's Hand, Brothers in Arms


You were on level 2 of the Elven Halls.
You worshipped Trog.
Trog was exalted by your worship.
You visited 6 branches of the dungeon, and saw 32 of its levels.
You also visited: Bailey and Gauntlet.

You collected 4125 gold pieces.
You spent 3137 gold pieces at shops.

Inventory:

Hand Weapons
 a - a +2 heavy battleaxe (weapon)
 b - a +2 antimagic executioner's axe
 c - the +7 short sword "Imaleogg" {elec, +Blink rC+}
   (You took it off a minotaur in a Gauntlet)

   rC+:       It protects you from cold.
   +Blink:    It lets you blink.
 h - the +7 trident of Agony {freeze, rElec rC+ Will-}
   (You found it on level 5 of the Dungeon)

   rC+:       It protects you from cold.
   rElec:     It insulates you from electricity.
   Will-:     It decreases your willpower.
 z - a +3 eveningstar of freezing
 A - the +10 broad axe of Fuos {flame, rElec rF+ Dex+3}
   (Trog gifted it to you on level 2 of the Elven Halls)

   Dex+3:     It affects your dexterity (+3).
   rF+:       It protects you from fire.
   rElec:     It insulates you from electricity.
Armour
 f - +3 storm dragon scales {Bai Suzhen}
 i - a +3 plate armour (worn)
 j - a +2 pair of boots of rampaging (worn)
 o - a +2 cloak of willpower (worn)
 s - a +1 pair of gloves (worn)
 u - a +2 chain mail of fire resistance
 E - the +0 mask of the Dragon (worn) {Will+ Slay+3 SInv}
   (You bought it in a shop on level 5 of the Dungeon)

   Slay+3:    It affects your accuracy & damage with ranged weapons and melee
   (+3).
   Will+:     It increases your willpower.
   SInv:      It lets you see invisible.
 X - +0 fire dragon scales
Jewellery
 g - a ring of ice
 k - a ring of willpower (left hand)
 n - a ring of flight
 q - the ring "Uzatizism" {rN+ rCorr Str+2}
   (You found it in a Gauntlet)

   [ring of resist corrosion]

   Str+2:     It affects your strength (+2).
   rN+:       It protects you from negative energy.
   rCorr:     It protects you from acid and corrosion.
 C - a ring of fire
 D - a ring of protection from cold
 K - a ring of positive energy
 M - a ring of fire
 W - the amulet of Fallacy (around neck) {Reflect rPois Slay+3 SH+5}
   (You bought it in a shop on level 2 of the Orcish Mines)

   [amulet of reflection]

   Reflect:   It reflects blocked missile attacks.
   Slay+3:    It affects your accuracy & damage with ranged weapons and melee
   (+3).
   rPois:     It protects you from poison SH+5: It affects your SH (+5).
 Z - a +4 ring of protection (right hand)
Wands
 r - a wand of light (14)
 w - a wand of digging (7)
 x - a wand of mindburst (29)
 H - a wand of iceblast (19)
 P - a wand of flame (38)
 Q - a wand of paralysis (23)
 U - a wand of polymorph (17)
Scrolls
 d - 3 scrolls of fear
 l - 7 scrolls of teleportation
 t - 4 scrolls of revelation
 y - a scroll of immolation
 I - 4 scrolls of fog
 L - 11 scrolls of identify
 O - 5 scrolls of poison
 T - 2 scrolls of blinking
Potions
 e - 17 potions of curing
 m - a potion of mutation
 v - 3 potions of might
 B - 8 potions of haste
 G - 3 potions of resistance
 J - 3 potions of invisibility
 S - 5 potions of cancellation
Miscellaneous
 p - a phial of floods
 V - a condenser vane


   Skills:
 O Level 27 Fighting
 O Level 27 Axes
 * Level 16.3 Armour
 - Level 2.1 Dodging


You had 18 spell levels left.
You didn't know any spells.
Your spell library was empty.

Dungeon Overview and Level Annotations

Branches:
Dungeon (15/15)            Temple (0/1) D:6            Lair (5/5) D:9
  Swamp (4/4) Lair:3        Snake (4/4) Lair:2        Slime (0/5) Lair:5
    Orc (2/2) D:11            Elf (2/3) Orc:2        Vaults (0/5) D:13
 Depths (0/4) D:15         Bailey (visited)         Gauntlet (visited)

Altars:
Cheibriados
Dithmenos
Fedhas
Hepliaklqana
Makhleb
Okawaru
Qazlal
Trog
Uskayaw
Wu Jian
Xom
Yredelemnul
Zin
Beogh
Jiyva
Lugonu

Shops:
D:1 :   D:5 [   D:10 ?   D:14 ?   Orc:2 ?[=[   Elf:1 =:::   Elf:2 (
Snake:1 *=   Snake:2 =*=!


Innate Abilities, Weirdness & Mutations

You have a pair of horns on your head.
You reflexively headbutt those who attack you in melee.


Message History

The +2 trident of holy wrath is engulfed in blazing flames.
The +2 halberd of protection attacks as it pursues you!
The +2 halberd of protection hits you from afar.
* * * LOW HITPOINT WARNING * * *
The +2 glaive of venom hits you but does no damage.
You are poisoned.
The +2 halberd of protection hits you but does no damage.
You shake off the liquid fire.
Your surroundings suddenly seem different. 5 dancing weapons, 2 deep elf zephyrmancers and 2 deep elf knights come into view.
There is a +2 heavy dire flail.
There is a +5 mace of protection.
A deep elf zephyrmancer is wielding a +1 long sword of draining.
There is a +2 hand axe of holy wrath.
A deep elf zephyrmancer is wielding a +1 long sword of freezing and wearing a +2 ring mail of willpower.
A deep elf knight is wielding a +1 short sword of electrocution.
There is a +5 long sword of venom.
There is a +1 battleaxe of freezing.
You feel sick.
The deep elf zephyrmancer shouts! x2; The deep elf knight shouts! x2
You hear a shout!
A deep elf pyromancer comes into view.
It is wielding a +1 vampiric long sword.
As you read the scroll of teleportation, it crumbles to dust.
You feel strangely unstable.
You feel sick.
The +2 hand axe of holy wrath hits you but does no damage.
A +2 antimagic short sword comes into view.
The deep elf zephyrmancer points at you and mumbles some strange words.
The bolt of lightning hits the +2 hand axe of holy wrath.
The +2 hand axe of holy wrath completely resists.
The bolt of lightning hits you!
* * * LOW HITPOINT WARNING * * *
The bolt of lightning misses the +2 heavy dire flail.
You hear a shout! x4
You feel sick. The +2 heavy dire flail hits you!
* * * LOW HITPOINT WARNING * * *
The +2 hand axe of holy wrath hits you but does no damage.
A +2 antimagic eveningstar comes into view.
The deep elf knight casts a spell.
The deep elf knight seems to speed up.
The deep elf zephyrmancer mumbles some strange words.
The deep elf zephyrmancer blinks!
A deep elf zephyrmancer comes into view.
It is wielding a +0 short sword.
The deep elf zephyrmancer gestures at you while chanting.
The bolt of lightning hits the +2 hand axe of holy wrath.
The +2 hand axe of holy wrath completely resists.
The bolt of lightning hits you!!
You die...

....°..°..e##
e......##........°....##
.......#..#......°....#..
......#....#.........#...
.....#......#.......#....
....#........#..
...#.(........#.
#............#
#....(@......#
#....e(......#
..e#..(.......#.
....#..e.....#..
.....#..(...#...
......#....#....
..e....#..#..(..
.(......##..§...
........# .....


You could see 2 deep elf knights, a deep elf pyromancer, 2 deep elf
zephyrmancers and 7 dancing weapons.

Vanquished Creatures
  Bai Suzhen (Swamp:3)
  Vashnia (Snake:4)
  Norris (Elf:1)
  Rupert (D:13)
  Mlioglotl (Snake:3)
  Asterion (Snake:1)
  Roxanne (D:15)
  Aizul (Snake:1)
  Kirke (D:15)
  3 thorn hunters (Swamp:3)
  4 nagarajas (Snake:4)
  Louise (Snake:1)
  2 deep elf sorcerers (Elf:1)
  A deep elf elementalist (Elf:2)
  A minotaur (Gauntlet)
  A deep elf annihilator (Elf:2)
  An eleionoma (Swamp:1)
  Azrael (Orc:2)
  4 bunyips
  4 shambling mangroves
  A rakshasa (D:15)
  Erolcha (D:9)
  24 hydras
  A hell beast (Gauntlet)
  10 alligators
  5 ghost crabs
  8 salamander tyrants (Snake:4)
  4 catoblepae
  2 centaur warriors (D:13)
  8 anacondas
  A death knight (D:15)
  5 two-headed ogres
  A death scarab (Gauntlet)
  A boulder beetle (Lair:3)
  13 naga warriors
  13 dancing weapons
  15 death yaks (Lair:5)
  A tengu warrior (D:15)
  Urug (D:13)
  12 naga sharpshooters
  An occultist (D:15)
  5 orc high priests
  10 shock serpents
  12 deep elf knights
  16 spriggans
  3 skysharks
  A spectral death yak (Gauntlet)
  2 sea snakes (Snake:3)
  5 goliath frogs
  6 salamander mystics (Snake:4)
  A skeletal warrior (D:15)
  4 mana vipers
  3 bunyip zombies (Swamp:4)
  11 swamp dragons
  3 naga ritualists
  4 spriggan druids
  10 bog bodies
  2 lindwurms
  16 deep elf archers
  8 thermic dynamos
  14 ugly things
  A necromancer (Swamp:4)
  11 orc knights
  23 deep elf pyromancers
  A wolf spider (D:15)
  2 will-o-the-wisps
  17 deep elf zephyrmancers
  2 oklob plants (Swamp:3)
  21 salamanders
  5 manticores
  8 orc sorcerers
  5 cyclopes
  A black mamba (shapeshifter) (D:15)
  7 guardian serpents
  12 slime creatures
  41 black mambas
  6 elephants (Lair:5)
  10 naga magi
  5 kobold blastminers
  2 gargoyles
  2 kobold demonologists
  8 cane toads
  An efreet (D:13)
  An unseen horror (D:13)
  2 rime drakes
  A centaur skeleton (D:15)
  2 tengu conjurers
  8 komodo dragons
  A hornet (shapeshifter) (D:15)
  2 bloated husks
  9 tyrant leeches
  A queen bee (Gauntlet)
  14 hornets
  8 blink frogs
  An alligator simulacrum (Swamp:4)
  6 trolls
  2 polar bears (Lair:5)
  Grinder (D:5)
  A meliai zombie (D:15)
  A shadow (D:10)
  8 wraiths
  An air elemental (Elf:2)
  A centaur simulacrum (D:15)
  2 water elementals (Elf:1)
  3 vampires (D:12)
  4 hogs (D:15)
  38 yaks
  5 fire elementals
  16 humans (D:13)
  8 wyverns
  4 basilisks
  2 wargs (Orc:2)
  19 vampire mosquitoes
  13 swamp worms
  31 nagas
  3 acid dragons
  23 water moccasins
  A swamp worm (shapeshifter) (Elf:2)
  4 hell hounds
  24 orc warriors
  10 swamp drakes
  A sky beast (D:6)
  A swamp dragon zombie (Swamp:4)
  An ice beast (D:7)
  3 centaurs
  7 ogres
  19 wolves
  The ghost of GiantSquids the Slasher, an amateur CoGl (D:3)
  4 earth elementals
  3 kobold brigands
  9 bullfrogs
  A gnoll sergeant (D:7)
  2 scorpions
  A hornet simulacrum (D:15)
  10 wights
  12 killer bees
  A swamp dragon simulacrum (Swamp:4)
  7 howler monkeys
  A bombardier beetle (D:6)
  18 orc priests
  15 jellies
  A gnoll bouda (D:8)
  2 iguanas (D:5)
  A sleepcap (D:6)
  Natasha (thrice) (D:4)
  33 orc wizards
  19 hell rats
  8 gnolls
  8 adders
  A shadow imp (D:8)
  4 white imps
  3 dart slugs
  79 orcs
  3 bats (D:1)
  8 endoplasms
  5 giant cockroaches
  11 goblins
  8 hobgoblins
  5 jackals
  2 quokkas (D:3)
  3 ball pythons
  2 frilled lizards (D:1)
  21 kobolds
  6 rats
  A butterfly (D:6)
1122 creatures vanquished.

Vanquished Creatures (others)
  A hydra (Swamp:4)
  A necromancer (D:15)
  A bloated husk (Swamp:4)
  An orc priest (Orc:2)
  8 foxfires
12 creatures vanquished.

Grand Total: 1134 creatures vanquished

Notes
Turn   | Place    | Note
-------+----------+-------------------------------------------
     0 | D:1      | mycrawlcharacter the Minotaur Berserker began the quest for
                  | the Orb.
     0 | D:1      | Reached XP level 1. HP: 19/19 MP: 0/0
    69 | D:1      | Found Ojoeph's Book Shop.
   245 | D:1      | Reached XP level 2. HP: 25/26 MP: 1/1
   542 | D:1      | Reached skill level 5 in Axes
   582 | D:1      | Reached ** piety under Trog
   610 | D:1      | Reached XP level 3. HP: 30/31 MP: 2/2
   888 | D:1      | Found a faded altar of an unknown god.
  1559 | D:3      | Found a runed translucent door.
  1560 | D:3      | Noticed GiantSquids's ghost (amateur CoGl)
  1612 | D:3      | Reached XP level 4. HP: 39/39 MP: 3/3
  2095 | D:3      | Killed GiantSquids's ghost
  2096 | D:3      | Reached XP level 5. HP: 45/45 MP: 4/4
  2133 | D:4      | Found a burning altar of Makhleb.
  2413 | D:4      | Found a hide-covered altar of Uskayaw.
  2488 | D:4      | Found a snail-covered altar of Cheibriados.
  2559 | D:4      | Noticed Natasha
  2564 | D:4      | Killed Natasha
  2565 | D:4      | Reached XP level 6. HP: 51/51 MP: 5/5
  2615 | D:4      | Identified the dragon-blood talisman of Dim Light {rC+}
  2628 | D:4      | Noticed Natasha
  2633 | D:4      | Killed Natasha
  2792 | D:4      | Noticed Natasha
  2797 | D:4      | Killed Natasha
  3054 | D:5      | Entered Level 5 of the Dungeon
  3133 | D:5      | Noticed a water moccasin
  3134 | D:5      | Found Qud Ugy's Armour Boutique.
  3139 | D:5      | Killed a water moccasin
  3140 | D:5      | Reached skill level 10 in Axes
  3140 | D:5      | Reached XP level 7. HP: 57/57 MP: 6/6
  3198 | D:5      | Reached *** piety under Trog
  3230 | D:5      | Found a shimmering altar of Xom.
  3261 | D:5      | Noticed Grinder
  3268 | D:5      | Killed Grinder
  3564 | D:5      | Found a stormy altar of Qazlal.
  3688 | D:5      | Bought the +0 mask of the Dragon {Will+ Slay+3 SInv} for
                  | 334 gold pieces
  3688 | D:5      | Found the +0 mask of the Dragon {Will+ Slay+3 SInv}
  3736 | D:5      | Identified the +7 trident of Agony {freeze, rElec rC+
                  | Will-}
  3831 | D:6      | Reached XP level 8. HP: 64/64 MP: 7/7
  3985 | D:6      | Noticed a kobold demonologist
  3998 | D:6      | Killed a kobold demonologist
  4066 | D:6      | Found a staircase to the Ecumenical Temple.
  4119 | D:6      | Noticed a troll
  4147 | D:6      | Reached XP level 9. HP: 70/70 MP: 8/8
  4158 | D:6      | Killed a troll
  4377 | D:7      | Reached skill level 15 in Axes
  4457 | D:7      | Found a bloodstained altar of Trog.
  4481 | D:7      | Found a glowing silver altar of Zin.
  4554 | D:7      | Found a hazy altar of Hepliaklqana.
  4827 | D:7      | Found a basalt altar of Yredelemnul.
  4854 | D:7      | Reached **** piety under Trog
  5114 | D:8      | Found a shadowy altar of Dithmenos.
  5271 | D:8      | Reached XP level 10. HP: 50/77 MP: 9/9
  5462 | D:9      | Noticed Erolcha
  5466 | D:9      | Killed Erolcha
  5589 | D:9      | Found a staircase to the Lair.
  5692 | D:9      | Found a flagged portal.
  5715 | Bailey   | Entered a bailey
  5947 | Bailey   | Noticed an orc knight
  5958 | Bailey   | Killed an orc knight
  6260 | D:9      | Noticed a two-headed ogre
  6267 | D:9      | Killed a two-headed ogre
  6335 | D:9      | Reached ***** piety under Trog
  6637 | Lair:1   | Entered Level 1 of the Lair of Beasts
  6637 | Lair:1   | Noticed a six-headed hydra
  6649 | Lair:1   | Killed a six-headed hydra
  6650 | Lair:1   | Reached XP level 11. HP: 82/82 MP: 10/10
  7612 | Lair:2   | Noticed a five-headed hydra
  7619 | Lair:2   | Killed a five-headed hydra
  7744 | Lair:2   | Noticed an eight-headed hydra
  7751 | Lair:2   | Killed an eight-headed hydra
  7795 | Lair:2   | Found a staircase to the Snake Pit.
  8341 | Lair:3   | Found a staircase to the Swamp.
  8347 | Lair:3   | Noticed a bog body
  8362 | Lair:3   | Killed a bog body
  8363 | Lair:3   | Reached XP level 12. HP: 90/90 MP: 11/11
  8679 | Lair:3   | Noticed a boulder beetle
  8690 | Lair:3   | Killed a boulder beetle
  9549 | Lair:4   | You fall into a shaft and drop 1 floor!
  9549 | Lair:5   | Entered Level 5 of the Lair of Beasts
  9550 | Lair:5   | Noticed an eight-headed hydra
  9557 | Lair:5   | Killed an eight-headed hydra
  9591 | Lair:5   | Noticed a death yak
  9591 | Lair:5   | Noticed a death yak
  9592 | Lair:5   | Noticed a death yak
  9610 | Lair:5   | Killed a death yak
  9621 | Lair:5   | Killed a death yak
 10381 | Lair:5   | Killed a death yak
 10403 | Lair:5   | Noticed an eight-headed hydra
 10411 | Lair:5   | Killed an eight-headed hydra
 10450 | Lair:5   | Reached XP level 13. HP: 95/95 MP: 12/12
 10494 | Lair:5   | Found a viscous altar of Jiyva.
 10495 | Lair:5   | Found a staircase to the Slime Pits.
 10685 | Lair:5   | Received a gift from Trog
 11280 | Lair:5   | Reached skill level 27 in Axes
 11431 | Lair:5   | Reached skill level 5 in Fighting
 11821 | Lair:5   | Reached XP level 14. HP: 95/111 MP: 13/13
 12289 | D:10     | Entered Level 10 of the Dungeon
 12307 | D:10     | Identified the +0 ring mail "Vusul" {rC+ Regen+}
 12354 | D:10     | Received a gift from Trog
 12826 | D:10     | Found Xughav's Magic Scroll Emporium.
 12841 | D:10     | Bought a scroll of fog for 48 gold pieces
 12841 | D:10     | Bought a scroll of identify for 24 gold pieces
 12841 | D:10     | Bought a scroll of identify for 24 gold pieces
 12841 | D:10     | Bought a scroll of identify for 24 gold pieces
 13055 | D:11     | Found a roughly hewn altar of Beogh.
 13055 | D:11     | Found a staircase to the Orcish Mines.
 13657 | D:11     | Reached skill level 10 in Fighting
 13901 | Orc:1    | Entered Level 1 of the Orcish Mines
 14160 | Orc:1    | Received a gift from Trog
 14383 | Orc:2    | Entered Level 2 of the Orcish Mines
 14383 | Orc:2    | Found a roughly hewn altar of Beogh.
 14498 | Orc:2    | Found a gate leading to a gauntlet.
 14503 | Orc:2    | Noticed Azrael
 14511 | Orc:2    | Killed Azrael
 14512 | Orc:2    | Found a staircase to the Elven Halls.
 14530 | Gauntlet | Entered a Gauntlet
 14530 | Gauntlet | Found a transporter.
 14530 | Gauntlet | Found a transporter.
 14530 | Gauntlet | Found a transporter.
 14579 | Gauntlet | Found a transporter.
 14592 | Gauntlet | Found a transporter.
 14595 | Gauntlet | Found a transporter.
 14606 | Gauntlet | Found a transporter.
 14611 | Gauntlet | Found a transporter.
 14622 | Gauntlet | Found the amulet of the Air {Inacc Air Fly rElec RMsl}
 14623 | Gauntlet | Found a transporter.
 14641 | Gauntlet | Found a transporter.
 14661 | Gauntlet | Found a transporter.
 14664 | Gauntlet | Found a transporter.
 14932 | Gauntlet | Identified the ring "Uzatizism" {rN+ rCorr Str+2}
 15191 | Gauntlet | Identified the +7 short sword "Imaleogg" {elec, +Blink rC+}
 15738 | Orc:2    | Found Fitatheamm's Antique Armour Boutique.
 16143 | Orc:2    | Received a gift from Trog
 16446 | Orc:2    | Found Zorosm's Jewellery Boutique.
 16447 | Orc:2    | Found Ecauji's Magic Scroll Emporium.
 16458 | Orc:2    | Found Naunoits's Armour Emporium.
 16473 | Orc:2    | Bought a scroll of identify for 30 gold pieces
 16473 | Orc:2    | Bought 3 scrolls of identify for 90 gold pieces
 16609 | Orc:2    | Bought a pair of runed boots for 255 gold pieces
 16626 | Orc:2    | Bought the amulet of Fallacy {Reflect rPois Slay+3 SH+5}
                  | for 860 gold pieces
 17312 | Orc:2    | Bought a scroll of fear for 60 gold pieces
 17312 | Orc:2    | Bought a scroll of teleportation for 45 gold pieces
 17578 | D:12     | Found a blossoming altar of Fedhas.
 18355 | D:13     | Noticed Urug
 18355 | D:13     | Noticed Rupert
 18355 | D:13     | Found a gate to the Vaults.
 18364 | D:13     | Reached skill level 15 in Fighting
 18364 | D:13     | Killed Rupert
 18365 | D:13     | Reached XP level 15. HP: 141/141 MP: 14/14
 18367 | D:13     | Killed Urug
 18664 | D:13     | Found a stormy altar of Qazlal.
 18682 | D:13     | Received a gift from Trog
 19252 | D:14     | Found Viasatas's Magic Scroll Shoppe.
 19265 | D:14     | Bought a scroll of identify for 22 gold pieces
 19265 | D:14     | Bought a scroll of identify for 22 gold pieces
 19265 | D:14     | Bought a scroll of identify for 22 gold pieces
 19265 | D:14     | Bought a scroll of teleportation for 33 gold pieces
 19265 | D:14     | Bought a scroll of blinking for 82 gold pieces
 19499 | D:14     | Found an iron altar of Okawaru.
 19817 | D:14     | Reached ****** piety under Trog
 20321 | D:15     | Entered Level 15 of the Dungeon
 20322 | D:15     | Noticed Kirke
 20331 | D:15     | Killed Kirke
 20653 | D:15     | Noticed Roxanne
 20667 | D:15     | Killed Roxanne
 20985 | D:15     | Identified the +1 battleaxe of Doom {flame, *Rage rPois rF+
                  | Str+4} (Trog gifted it to you on level 15 of the Dungeon)
 20985 | D:15     | Received a gift from Trog
 21252 | D:15     | Found a staircase to the Depths.
 21611 | Snake:1  | Entered Level 1 of the Snake Pit
 21690 | Snake:1  | Noticed Asterion
 21692 | Snake:1  | Found Opaesera's Assorted Antiques.
 21697 | Snake:1  | Killed Asterion
 21798 | Snake:1  | Found Rayghadd's Jewellery Emporium.
 21800 | Snake:1  | Bought a bubbling golden potion for 21 gold pieces
 21804 | Snake:1  | Bought a scroll of identify for 48 gold pieces
 22124 | Snake:1  | Noticed Louise
 22139 | Snake:1  | Killed Louise
 22149 | Snake:1  | Reached XP level 16. HP: 108/162 MP: 15/15
 22485 | Snake:1  | Identified the serpent talisman "Goalum" {rCorr Int+8 Dex-2
                  | Stlth+}
 22485 | Snake:1  | Noticed Aizul
 22493 | Snake:1  | Killed Aizul
 23023 | Snake:2  | Found Lamaikh's General Store.
 23173 | Snake:2  | Bought a potion of heal wounds for 65 gold pieces
 23173 | Snake:2  | Bought 2 potions of curing for 78 gold pieces
 23173 | Snake:2  | Bought a potion of haste for 130 gold pieces
 23317 | Snake:2  | Identified the +1 robe of Too Many Cooks {rElec Dex+3 SInv}
 23323 | Snake:2  | Found Juduanoq's Jewellery Emporium.
 23337 | Snake:2  | Received a gift from Trog
 23354 | Snake:2  | Found Niytorihu's Jewellery Boutique.
 23525 | Snake:2  | Identified the +0 chain mail "Xuh Tiat" {^Contam rPois
                  | Int+5}
 24052 | Snake:2  | Found Zysytz's Distillery.
 24067 | Snake:2  | Bought a potion of curing for 30 gold pieces
 24067 | Snake:2  | Bought a potion of curing for 30 gold pieces
 24067 | Snake:2  | Bought 2 potions of cancellation for 160 gold pieces
 24067 | Snake:2  | Bought 3 potions of mutation for 240 gold pieces
 24067 | Snake:2  | Bought a potion of mutation for 80 gold pieces
 24309 | Snake:2  | Upgraded the game from 0.32-a0-473-gd044c6f0f0 to
                  | 0.32-a0-485-g70f7560b1c
 25484 | Snake:3  | Noticed Mlioglotl
 25490 | Snake:3  | Killed Mlioglotl
 26029 | Snake:4  | Entered Level 4 of the Snake Pit
 26069 | Snake:4  | Received a gift from Trog
 26111 | Snake:4  | Found a blossoming altar of Fedhas.
 27274 | Snake:4  | Identified the +1 leather armour of Hoarygat {rC+ rN++
                  | rCorr}
 27582 | Snake:4  | Reached XP level 17. HP: 176/180 MP: 16/16
 27588 | Snake:4  | Noticed Vashnia
 30377 | Snake:4  | Killed Vashnia
 31100 | Snake:4  | Received a gift from Trog
 31175 | Snake:4  | Got a serpentine rune of Zot
 31493 | Elf:1    | Entered Level 1 of the Elven Halls
 32283 | Elf:1    | Identified the +4 spear of Jubuk {pain, Int+2}
 33148 | Elf:1    | Found Hodood's Tiny Tomes.
 33199 | Elf:1    | Received a gift from Trog
 33714 | Elf:1    | Noticed Norris
 34340 | Elf:1    | Killed Norris
 34957 | Elf:1    | Found Xelam's Book Shop.
 34958 | Elf:1    | Found Zeqaorph's Jewellery Shoppe.
 34960 | Elf:1    | Found Taaxzemy's Book Shop.
 34968 | Elf:1    | Bought a ring of flight for 280 gold pieces
 35428 | Elf:1    | Found a corrupted altar of Lugonu.
 35445 | Elf:1    | Found a roughly hewn altar of Beogh.
 35816 | Swamp:1  | Entered Level 1 of the Swamp
 35916 | Swamp:1  | Reached XP level 18. HP: 81/182 MP: 17/17
 36188 | Swamp:1  | Received a gift from Trog
 36330 | Swamp:1  | Reached skill level 27 in Fighting
 36450 | Swamp:1  | Reached skill level 5 in Armour
 37179 | Swamp:2  | Found an ornate altar of the Wu Jian Council.
 38146 | Swamp:3  | Reached skill level 10 in Armour
 38150 | Swamp:3  | Received a gift from Trog
 38494 | Swamp:3  | Noticed Bai Suzhen
 38506 | Swamp:3  | Killed Bai Suzhen
 39659 | Swamp:4  | Entered Level 4 of the Swamp
 40885 | Swamp:4  | Got a decaying rune of Zot
 41533 | Elf:2    | Identified the +10 broad axe of Fuos {flame, rElec rF+
                  | Dex+3} (Trog gifted it to you on level 2 of the Elven
                  | Halls)
 41533 | Elf:2    | Received a gift from Trog
 41542 | Elf:2    | Found Uloh's Antique Weapon Boutique.
 41572 | Elf:2    | Reached XP level 19. HP: 146/207 MP: 6/18
 42082 | Elf:2    | Reached skill level 15 in Armour
 42368 | Elf:2    | Paralysed by an air elemental for 1 turns
 42772 | Elf:2    | Found a runed translucent gate.
 43082 | Elf:2    | Found a runed translucent gate.
 43082 | Elf:2    | Found a runed translucent gate.
 43084 | Elf:2    | Received a gift from Trog
 43614 | Elf:2    | Killed from afar by a deep elf zephyrmancer

Illustrated notes

Levels and vault maps discovered:
D:1:      denvon_arrival_waterhouse, layout_loops_ring, serial_shops,
          nicolae_shop_back_alley_shop, shapermc_ecumenical_altar_mp_vishouse,
          minmay_pentomino_s4
D:2:      layout_rooms
D:3:      cheibrodos_old_hovel, layout_basic, gammafunk_ghost_grave
D:4:      layout_basic, mainiacjoe_overflow_catwalk_spiral,
          overflow_temple_1_default, uniq_natasha
D:5:      layout_basic, mainiacjoe_overflow_alcove_2,
          mainiacjoe_overflow_surrounded_room, serial_shops,
          nicolae_shop_waterfront, uniq_grinder
D:6:      layout_gridville, minmay_temple_entry_butterflies, kb_rosetta
D:7:      layout_basic, lemuel_crystal_altar, mainiacjoe_overflow_catwalk,
          lemuel_doored_altar, nicolae_hepliaklqana_hazy_memory
D:8:      layout_rooms, grunt_dithmenos_smoke_and_mirrors
D:9:      layout_basic, lair_entry_dummy, enter_bailey_4, uniq_erolcha
D:10:     layout_small_grid, serial_shops,
          nicolae_shop_temple_entry_statues_fountains, roderic_nine_men_s_morris
D:11:     layout_loops_corners, david_orc_5
D:12:     layout_basic, fedhas_bush_and_centaur_altar, uniq_josephine
D:13:     layout_rooms, david_vaults_3, nicolae_qazlal_general_emergency
D:14:     layout_long_grid, serial_shops, shop, okawaru_trees_1
D:15:     grunt_enter_depths_magical_seal, layout_rooms, minmay_door_square,
          uniq_roxanne, uniq_kirke
Lair:1:   layout_loops_ring
Lair:2:   layout_misc_corridors, guppyfry_snake_entry_island,
          serial_bayou_shore_b
Lair:3:   layout_chaotic_city, skrybe_swamp_entry_bodies
Lair:4:   layout_hall_layers, nicolae_quartered_pool_impasse
Lair:5:   evilmike_catoblepas_cave, layout_regular_city,
          minmay_slime_entry_jelly_boxes, nicolae_lair_grove_arrangements,
          minivault_27, pond, grunt_megastairs_4
Swamp:1:  layout_basic_swamp, nicolae_swamp_decorative_isthmus
Swamp:2:  layout_basic_swamp, evilmike_swamp_ruin_wall, swamp_pool_4,
          nicolae_swamp_godswood, nicolae_swamp_tree_isthmus
Swamp:3:  nicolae_swamp_phyte_club, layout_basic_swamp,
          nicolae_swamp_some_circles, infiniplex_staircase_pool_2,
          uniq_bai_suzhen
Swamp:4:  swamp_alternative, layout_basic_swamp, nicolae_swamp_necromancer_hut
Snake:1:  layout_rooms, minmay_shoptagon, uniq_rupert, uniq_aizul,
          uniq_asterion, uniq_louise
Snake:2:  layout_gridlike, serial_shops, nicolae_shop_crystal, shop, shop,
          nicolae_shop_waterfront, st_stairs_9
Snake:3:  layout_basic, serial_bayou_pond_e, serial_bayou_shore_a,
          uniq_mlioglotl
Snake:4:  grunt_snake_rune_pools, layout_cave_town, basic_altar, uniq_vashnia
Orc:1:    layout_diamond_mine, nicolae_orc_crystal_seam
Orc:2:    st_orc_elflike, layout_caves, gauntlet_entry_generic, basic_altar,
          nicolae_orc_lava_room, uniq_azrael
Elf:1:    nicolae_elf_arrival_fired_up, layout_rooms,
          nicolae_elf_theology_debate, nicolae_shop_i_like_small_books_too,
          minmay_shop_grove, uniq_norris
Elf:2:    nicolae_elf_blades_splatter_lattice
          [nicolae_blade_entry_area_security], layout_onion_city, serial_shops,
          shop

Skill      XL: |  1  2  3  4  5  6  7  8  9 10 11 12 13 14 15 16 17 18 19 |
---------------+----------------------------------------------------------+-----
Axes           | 4 5 7 8 10 11 14 17 19 22 24 27 | 27.0
Fighting       | 6 15 19 23 26 27 | 27.0
Armour         | 14 16 | 16.3
Dodging        | |  2.1

Action                     |  1- 3 |  4- 6 |  7- 9 | 10-12 | 13-15 | 16-18 | 19-21 || total
---------------------------+-------+-------+-------+-------+-------+-------+-------++-------
  Melee: Hand axe          |    83 |    72 |     7 |       |       |       |       ||   162
         Headbutt          |    17 |    11 |    18 |    64 |   124 |   166 |    21 ||   421
         War axe           |       |       |    29 |       |       |       |       ||    29
         Trident           |       |       |    52 |    20 |     3 |       |       ||    75
         Battleaxe         |       |       |    77 |   321 |   586 |   699 |    84 ||  1767
         Executioner's axe |       |       |       |       |   134 |    18 |    19 ||   171
         Eveningstar       |       |       |       |       |       |    18 |       ||    18
  Throw: Boomerang         |       |       |       |    31 |     7 |       |       ||    38
         Dart              |       |       |       |     4 |     1 |       |       ||     5
 Invoke: Berserk           |       |     3 |     5 |    14 |    20 |    18 |       ||    60
  Evoke: Wand              |       |       |       |       |       |     6 |       ||     6
         Condenser vane    |       |       |       |       |       |     1 |       ||     1
    Use: Scroll            |       |       |       |    14 |    19 |     7 |     2 ||    42
         Potion            |       |       |       |       |       |     6 |       ||     6
   Stab: Petrified         |       |       |       |       |     2 |       |       ||     2
         Distracted        |       |       |       |       |       |     1 |       ||     1
 Armour: Chain mail        |    55 |    32 |   108 |    45 |       |       |       ||   240
         Plate armour      |       |       |       |   266 |   679 |   962 |   127 ||  2034
  Dodge: Dodged            |    28 |    31 |    61 |   107 |   207 |   261 |    35 ||   730
  Block: Other             |       |       |       |       |    48 |   129 |    18 ||   195
         Reflection        |       |       |       |       |     7 |    14 |     2 ||    23

Table legend: (Time is in decaauts)
 A = Elapsed time spent in this place.
 B = Non-inter-level travel time spent in this place.
 C = Inter-level travel time spent in this place.
 D = Time resting spent in this place.
 E = Time spent auto-exploring this place.
 F = Levels seen in this place.
 G = Mean time per level.
                   A        B        C        D        E       F      G
               +--------+--------+--------+--------+--------+-----+--------+
         Total |  44079 |  41614 |   2465 |  14078 |  19399 |  34 | 1296.4 |
       Dungeon |  12579 |  11842 |    737 |    957 |   8549 |  15 |  838.6 |
          Lair |   6161 |   5528 |    633 |   1151 |   3262 |   5 | 1232.2 |
         Swamp |   5385 |   5170 |    215 |   2182 |   2184 |   4 | 1346.2 |
     Snake Pit |   9628 |   9451 |    177 |   5410 |   2722 |   4 | 2407.0 |
  Orcish Mines |   4122 |   3531 |    591 |   1800 |    973 |   2 | 2061.0 |
   Elven Halls |   4701 |   4591 |    110 |   2041 |   1476 |   2 | 2350.5 |
        Bailey |    566 |    566 |      0 |     42 |    231 |   1 |  566.0 |
      Gauntlet |    935 |    935 |      0 |    494 |      0 |   1 |  935.0 |
               +--------+--------+--------+--------+--------+-----+--------+

Top non-repeatable levels by time:
 Snake:3: 4785 daAuts
   Elf:1: 2752 daAuts
   Orc:2: 2658 daAuts
 Swamp:3: 2466 daAuts
 Snake:4: 2099 daAuts
   Elf:2: 1949 daAuts
  Lair:5: 1839 daAuts
 Snake:1: 1498 daAuts
   Orc:1: 1464 daAuts
    D:11: 1292 daAuts
 Snake:2: 1246 daAuts
  Lair:4: 1195 daAuts
 Swamp:2: 1181 daAuts
  Lair:1: 1169 daAuts
    D:15: 1125 daAuts
